 Dungeon Crawl Stone Soup version 0.19-a0-1932-g59670f6 (webtiles) character file.

1311 varam the Grappler (level 8, -5/74 HPs)
             Began as a Troll Monk on Oct 25, 2016.
             Slain by a centaur (7 damage)
             ... on level 5 of the Dungeon.
             The game lasted 00:04:52 (3482 turns).

varam the Grappler (Troll Monk)                     Turns: 3482, Time: 00:04:53

Health: -5/74      AC:  5    Str: 20    XL:     8   Next: 32%
Magic:  7/7        EV: 10    Int:  6    God:
Gold:   200        SH:  0    Dex: 14    Spells: 0 memorised, 7 levels left

rFire  . . .     SeeInvis .       - Unarmed
rCold  . . .     Gourm    +     a - +0 robe
rNeg   . . .     Faith    .     (no shield)
rPois  .         Spirit   .     (helmet restricted)
rElec  .         Reflect  .     (no cloak)
rCorr  .         Harm     +     (gloves unavailable)
MR     +....                    (boots unavailable)
Stlth  ++........               w - amulet of harm
                                (no ring)
                                x - ring of protection from magic

@: no status effects
A: unfitting armour, claws 3, fast metabolism 3, gourmand, regeneration 1,
shaggy fur 1, tough skin 2
a: no special abilities


You were on level 5 of the Dungeon.
You were very hungry.

You visited 1 branch of the dungeon, and saw 5 of its levels.

You collected 200 gold pieces.

Inventory:

Armour
 a - a +0 robe (worn)
Jewellery
 w - an amulet of harm (around neck)
 x - a ring of protection from magic (left claw)
Wands
 q - a wand of lightning (9/15)
Scrolls
 c - a scroll of amnesia {unknown}
 d - 4 scrolls of remove curse {unknown}
 e - 4 scrolls of blinking {unknown}
 g - 3 scrolls of enchant armour {unknown}
 h - 2 scrolls of noise {unknown}
 i - 5 scrolls of teleportation {unknown}
 j - 2 scrolls of recharging {unknown}
 k - 2 scrolls of enchant weapon {unknown}
 l - a scroll of fear {unknown}
 n - 3 scrolls of identify {unknown}
 s - a scroll of fog {unknown}
 t - a scroll of immolation {unknown}
 y - a scroll of magic mapping {unknown}
Potions
 f - a potion of might {unknown}
 m - 2 potions of magic {unknown}
 o - a potion of brilliance {unknown}
 r - 2 potions of agility {unknown}
 u - 2 potions of curing {unknown}
 z - a potion of berserk rage
 A - a potion of resistance {unknown}
Comestibles
 b - 5 bread rations
 p - 4 meat rations
 v - 2 fruits


   Skills:
 - Level 2.4 Fighting
 - Level 2.4 Dodging
 - Level 1.0 Stealth
 + Level 10.5 Unarmed Combat


You had 7 spell levels left.
You didn't know any spells.

Dungeon Overview and Level Annotations

Branches:
Dungeon (5/15)
 Temple: D:4-7

Altars:
Ashenzari
Fedhas
Hepliaklqana
Kikubaaqudgha
Sif Muna
Xom
Yredelemnul


Innate Abilities, Weirdness & Mutations

You are too large for most types of armour.
You have claws for hands.
Your metabolism is lightning-fast.
You like to eat raw meat.
Your natural rate of healing is unusually fast.
You are covered in fur. (AC +1)
You have very tough skin. (AC +2)


Message History

You are too injured to fight recklessly!
You are too injured to fight recklessly!
The centaur shoots an arrow.
The arrow hits you!
* * * LOW HITPOINT WARNING * * *
You see here an arrow.
The centaur shoots an arrow.
The arrow hits you but does no damage.
The centaur shoots an arrow.
The arrow hits you!
* * * LOW HITPOINT WARNING * * *
The centaur shoots an arrow.
The arrow closely misses you.
You see here an arrow.
The centaur shoots an arrow.
The arrow hits you.
* * * LOW HITPOINT WARNING * * *
You see here an arrow.
The centaur unwields an uncursed shortbow.
The centaur drinks a potion.
The centaur goes berserk!
You mangle the centaur!!
The centaur is severely wounded.
The centaur hits you but does no damage.
The centaur hits you.
You die...

##...(...#####'####..........
##.......# #.####..........
##......####..........#..##
##........#..........#..##
##.......#....(.....#....
+........#..........#.###
#........#(.(.......#.#..
##.......(..(((.....#.###
####.....c@...........#.#.#
#........#.<..........#.##.
#.........#............#.#.#
..........###..........'.##.
..........####.........###..
..........##...........# #^#
..........##...........# #..
..........##........#### ##.
###########........# #.#


You could see a centaur (berserk).

Vanquished Creatures
  Grinder (D:4)
  4 ogres
  Blork the orc (D:5)
  A scorpion (D:4)
  A crimson imp (D:5)
  A bullfrog skeleton (D:3)
  A hound (D:5)
  A centaur zombie (D:5)
  3 orc wizards
  An iguana (D:5)
  Natasha (thrice) (D:2)
  Terence (D:2)
  5 worker ants
  7 gnolls
  5 adders
  An ooze (D:2)
  An adder zombie (D:5)
  4 worms
  3 dart slugs
  2 leopard geckos
  10 orcs
  2 ball pythons
  3 giant cockroaches
  3 goblins
  3 hobgoblins
  8 jackals
  A quokka (D:2)
  A bat (D:2)
  4 frilled lizards
  3 kobolds
  A quokka skeleton (D:5)
  8 rats
94 creatures vanquished.

Notes
Turn   | Place    | Note
-------+----------+-------------------------------------------
     0 | D:1      | varam the Troll Monk began the quest for the Orb.
     0 | D:1      | Reached XP level 1. HP: 22/22 MP: 0/0
   184 | D:2      | Reached XP level 2. HP: 26/29 MP: 1/1
   337 | D:2      | Reached skill level 4 in Unarmed Combat
   342 | D:2      | Noticed Natasha
   349 | D:2      | Reached XP level 3. HP: 33/36 MP: 2/2
   352 | D:2      | Killed Natasha
   364 | D:2      | Noticed Terence
   378 | D:2      | Killed Terence
   378 | D:2      | Reached skill level 5 in Unarmed Combat
   378 | D:2      | Reached XP level 4. HP: 41/44 MP: 3/3
   497 | D:2      | Noticed Natasha
   514 | D:2      | Killed Natasha
   514 | D:2      | Reached XP level 5. HP: 45/50 MP: 4/4
   574 | D:2      | Found a deep blue altar of Sif Muna.
   665 | D:2      | Noticed Natasha
   671 | D:2      | Killed Natasha
   671 | D:2      | Reached skill level 6 in Unarmed Combat
   853 | D:3      | Found a blossoming altar of Fedhas.
  1525 | D:3      | Reached XP level 6. HP: 57/59 MP: 5/5
  1759 | D:4      | Reached skill level 7 in Unarmed Combat
  2040 | D:4      | Noticed Grinder
  2151 | D:4      | Killed Grinder
  2151 | D:4      | Reached skill level 8 in Unarmed Combat
  2151 | D:4      | Reached XP level 7. HP: 64/66 MP: 6/6
  2209 | D:4      | Reached skill level 9 in Unarmed Combat
  2561 | D:5      | Entered Level 5 of the Dungeon
  2616 | D:5      | Found an ancient bone altar of Kikubaaqudgha.
  2616 | D:5      | Found a shattered altar of Ashenzari.
  2617 | D:5      | Noticed Blork the orc
  2618 | D:5      | Found a hazy altar of Hepliaklqana.
  2620 | D:5      | Found a basalt altar of Yredelemnul.
  2625 | D:5      | Killed Blork the orc
  2626 | D:5      | Found a shimmering altar of Xom.
  2657 | D:5      | Reached XP level 8. HP: 58/74 MP: 7/7
  2706 | D:5      | Reached skill level 10 in Unarmed Combat
  3480 | D:5      | HP: 1/74 [centaur/arrow (7)]
  3482 | D:5      | Slain by a centaur

Vault maps used:
D:1:      minmay_arrival_four_houses, minmay_pentomino_q4
D:2:      lemuel_coloured_pillars_altar, uniq_terence, uniq_natasha
D:3:      fedhas_altar_1
D:4:      first_bread, uniq_grinder
D:5:      minmay_diamond_boxcup, grunt_temple_overflow_open, dk_noncrumbling_4,
          uniq_blork_the_orc

Skill      XL: |  1  2  3  4  5  6  7  8 |
---------------+-------------------------+-----
Unarmed Combat | 4 5 6 8 9 10 | 10.5
Fighting       | |  2.4
Dodging        | |  2.4
Stealth        | |  1.0

Action                   |  1- 3 |  4- 6 |  7- 9 || total
-------------------------+-------+-------+-------++-------
Melee: Unarmed           |    32 |   160 |    64 ||   256
       Punch             |     1 |     3 |     4 ||     8
 Stab: Sleeping          |       |     7 |     3 ||    10
  Eat: Chunk             |     4 |    10 |     9 ||    23
       Pizza             |       |     2 |       ||     2
       Fruit             |       |       |     2 ||     2
Armor: Robe              |     7 |    35 |     7 ||    49
Dodge: Dodged            |    10 |    73 |    14 ||    97
